 Dungeon Crawl Stone Soup version 0.21.1-1-g345015f (webtiles) character file.

105 kae the Insei (level 4, -4/37 HPs)
             Began as a Demonspawn Monk on Apr 22, 2018.
             Splashed by Ijyb's acid (10 damage)
             ... on level 3 of the Dungeon.
             The game lasted 00:02:43 (2109 turns).

kae the Insei (Demonspawn Monk)                     Turns: 2109, Time: 00:02:44

Health: -4/37      AC:  2    Str: 16    XL:     4   Next: 53%
Magic:  4/4        EV: 13    Int: 16    God:
Gold:   103        SH:  0    Dex: 16    Spells: 3/3 levels left

rFire    . . .     SeeInvis .   f - +2 mace (protect)
rCold    . . .     Gourm    .   (no shield)
rNeg     . . .     Faith    .   a - +1 robe
rPois    .         Spirit   .   (no helmet)
rElec    .         Reflect  .   (no cloak)
rCorr    .         Harm     .   (no gloves)
MR       .....                  (no boots)
Stlth    +.........             (no amulet)
HPRegen  0.12/turn              (no ring)
MPRegen  0.09/turn              (no ring)

@: confused, mighty, corroded, protection aura, very slightly contaminated,
hasted, invisible, very quick
A: talons 1, clever 2, powered by pain 1
a: no special abilities


You were on level 3 of the Dungeon.
You were not hungry.

You visited 1 branch of the dungeon, and saw 3 of its levels.

You collected 103 gold pieces.

Inventory:

Hand Weapons
 f - a +2 mace of protection (weapon)
Missiles
 m - a throwing net (quivered)
Armour
 a - a +1 robe (worn)
Jewellery
 e - an uncursed ring of ice {unknown}
Scrolls
 c - a scroll of enchant armour
 k - a scroll of identify
 l - a scroll of remove curse
Potions
 i - a potion of mutation
Comestibles
 b - 10 rations


   Skills:
 + Level 3.9 Fighting
 - Level 2.6 Dodging
 - Level 1.7 Stealth
 * Level 4.3 Unarmed Combat


You had 3 spell levels left.
You didn't know any spells.

Dungeon Overview and Level Annotations

Branches:
Dungeon (3/15)

Altars:
Makhleb

Annotations:
D:3 Ijyb, Natasha


Innate Abilities, Weirdness & Mutations

You have sharp toenails.
You sometimes gain a little power by taking damage.
Your mind is very acute. (Int +4)


Message History

You feel troubled. The bat barely misses you. Ijyb barely misses you.
The orc hits you.
You hit the orc but do no damage.
Your weapon exudes an aura of protection.
You claw the orc.
The orc is heavily wounded.
The bat hits you but does no damage. Ijyb misses you. The orc misses you.
You closely miss Ijyb. Your kick misses Ijyb. The bat misses you.
Natasha casts a spell.
Ijyb screams, "Me very upset!"
Ijyb zaps a wand.
The bolt of acid hits you! The acid corrodes you!
You are splashed with acid!
The acid burns!
You focus on the pain.
You feel very mighty all of a sudden.
You closely miss the orc.
The orc is heavily wounded.
The bat completely misses you. The orc hits you.
Ijyb zaps a wand.
The bolt of acid hits you!
* * * LOW HITPOINT WARNING * * *
The acid corrodes you!
You are splashed with acid!
The acid burns!
You die...

#..........
####.....S..#
...........#.#
#..........#
###........g.#
#...##.##..#.
#...##.#
#o..##g#####...
#..o##b@oh5....
#..o#######5...
#...# .
###...######
#..........##
#...........#
#...........#
#...........#
#..........##


You could see Ijyb, an iron imp (wandering), Natasha, a shadow imp, an orc and a
bat.

Vanquished Creatures
  4 gnolls (D:2)
  An adder (D:2)
  A worm (D:2)
  2 leopard geckos (D:2)
  2 giant cockroaches (D:2)
  7 hobgoblins
  3 jackals (D:1)
  A quokka (D:2)
  A ball python (D:1)
  9 bats
  7 frilled lizards
  6 goblins
  6 kobolds
  4 rats
54 creatures vanquished.

Vanquished Creatures (others)
  An orc (D:3)
1 creature vanquished.

Grand Total: 55 creatures vanquished

Notes
Turn   | Place    | Note
-------+----------+-------------------------------------------
     0 | D:1      | kae the Demonspawn Monk began the quest for the Orb.
     0 | D:1      | Reached XP level 1. HP: 18/18 MP: 1/1
   274 | D:1      | Reached skill level 3 in Unarmed Combat
   289 | D:1      | Gained mutation: You have sharp toenails. [demonic ancestry]
   289 | D:1      | Reached XP level 2. HP: 18/24 MP: 2/2
   996 | D:2      | Gained mutation: You sometimes gain a little power by taking damage. [demonic ancestry]
   996 | D:2      | Reached XP level 3. HP: 29/29 MP: 3/3
  1366 | D:2      | Reached skill level 4 in Unarmed Combat
  1366 | D:2      | Reached XP level 4. HP: 35/37 MP: 4/4
  1429 | D:2      | Found a faded altar of an unknown god.
  1615 | D:2      | Found a burning altar of Makhleb.
  2092 | D:3      | Noticed Ijyb
  2097 | D:3      | Noticed Natasha
  2101 | D:3      | Gained mutation: Your mind is acute. (Int +2) [potion of mutation]
  2101 | D:3      | Gained mutation: Your mind is very acute. (Int +4) [potion of mutation]
  2109 | D:3      | Splashed by Ijyb's acid

Skill      XL: |  1  2  3 |
---------------+----------+-----
Unarmed Combat | 3 4 |  4.3
Fighting       | |  3.9
Dodging        | |  2.6
Stealth        | |  1.7

Action                   |  1- 3 |  4- 6 || total
-------------------------+-------+-------++-------
Melee: Unarmed           |    60 |       ||    60
       Mace              |    47 |    47 ||    94
       Kick              |    13 |    13 ||    26
       Punch             |       |     1 ||     1
  Use: Scroll            |       |     7 ||     7
       Potion            |       |     5 ||     5
 Stab: Sleeping          |     6 |     2 ||     8
       Distracted        |       |     1 ||     1
  Eat: Chunk             |     2 |     2 ||     4
Armor: Robe              |    24 |    14 ||    38
Dodge: Dodged            |    76 |    72 ||   148
